 Dungeon Sprint DCSS version 0.17-a0-1184-gb75be8f (webtiles) character file.

515 Kidiri the Thaumaturge (level 7, -10/36 HPs)
             Began as a Deep Elf Necromancer on June 1, 2015.
             Was an Initiate of Kikubaaqudgha.
             Mangled by a human (13 damage)
             ... in the Dungeon (Sprint III: "The Ten Rune Challenge").
             The game lasted 00:09:44 (891 turns).

Kidiri the Thaumaturge (Deep Elf Necromancer)        Turns: 891, Time: 00:09:44

Health: -10/36     AC:  2    Str:  5    XL:     7   Next: 0%
Magic:  7/23       EV: 16    Int: 22    God:    Kikubaaqudgha [......]
Gold:   24         SH:  0    Dex: 15    Spells: 9 memorised, 3 levels left

rFire  . . .     SeeInvis .     e - +2 dagger (drain)
rCold  . . .     Clarity  .     a - +0 robe
rNeg   . . .     SustAt   .     (no shield)
rPois  .         Gourm    .     (no helmet)
rElec  .         Spirit   .     (no cloak)
rCorr  .         Warding  .     (no gloves)
rMut   .         NoTele   +     (no boots)
MR     .....                    (no amulet)
Stlth  ++++......               (no ring)
                                (no ring)

@: not resistant to hostile enchantments, stealthy
A: no striking features
a: Renounce Religion


You were in the Dungeon.
You worshipped Kikubaaqudgha.
Kikubaaqudgha was noncommittal.
You were hungry.

You visited 1 branch You collected 24 gold pieces.

Inventory:

Hand weapons
 e - a +2 dagger of draining (weapon)
 f - a +2 dagger of venom
Armour
 a - a +0 robe (worn)
Magical devices
 d - a wand of magic darts (17)
Scrolls
 i - a scroll of blinking
 l - a scroll of immolation {unknown}
 m - 2 scrolls of identify
 n - 3 scrolls of remove curse {unknown}
 r - a scroll of holy word {unknown}
Potions
 g - 2 potions of magic
 k - 2 potions of mutation {unknown}
 p - 2 potions of agility {unknown}
 q - a potion of flight {unknown}
 t - a potion of cure mutation {unknown}
Books
 b - a book of Necromancy

   Spells                             Type                      Level
   a - Pain                           Necromancy                   1
   b - Animate Skeleton               Necromancy                   1
   c - Vampiric Draining              Necromancy                   3
   d - Regeneration                   Charms/Necromancy            3
   e - Animate Dead                   Necromancy                   4
   f - Control Undead                 Necromancy                   4
 h - a book of Death

   Spells                             Type                      Level
   a - Corpse Rot                     Necromancy                   2
   b - Sublimation of Blood           Necromancy                   2
   c - Agony                          Necromancy                   5
   d - Dispel Undead                  Necromancy                   5
   e - Excruciating Wounds            Charms/Necromancy            5
   f - Bolt of Draining               Conjuration/Necromancy       5
 j - a book of Changes

   Spells                             Type                      Level
   a - Beastly Appendage              Transmutation                1
   b - Sticks to Snakes               Transmutation                2
   c - Spider Form                    Transmutation/Poison         3
   d - Ice Form                       Ice/Transmutation            4
   e - Blade Hands                    Transmutation                5
Comestibles
 c - a bread ration
 o - a royal jelly
 s - a meat ration


   Skills:
 + Level 7.5 Dodging
 + Level 8.1 Stealth
 * Level 11.3 Spellcasting
 + Level 4.0 Charms
 * Level 11.1 Necromancy


You had 3 spell levels left.
You knew the following spells:

 Your Spells              Type           Power        Failure   Level  Hunger
a - Pain                  Necr           ####         1%          1    None
b - Animate Skeleton      Necr           N/A          1%          1    None
c - Vampiric Draining     Necr           ######....   1%          3    None
d - Regeneration          Chrm/Necr      #####.....   1%          3    None
e - Animate Dead          Necr           N/A          1%          4    #......
f - Control Undead        Necr           ######....   1%          4    #......
g - Corpse Rot            Necr           N/A          1%          2    None
h - Sublimation of Blood  Necr           ######....   1%          2    None
i - Agony                 Necr           ######..     1%          5    ####...


Dungeon Overview and Level Annotations

Branches:
Dungeon (1/1)

Altars:
Cheibriados
Elyvilon
Fedhas
Kikubaaqudgha
Okawaru
Sif Muna
Trog
Vehumet
Yredelemnul
Zin
The Shining One


Message History

Okay, then.
Casting: Vampiric Draining
Confirm with . or Enter, or press ? or * to list all spells.
Okay, then.
Drink which item? (? for menu, Esc to quit)
You feel better. The human hits you.
* * * LOW HITPOINT WARNING * * *
The human hits you.
* * * LOW HITPOINT WARNING * * *
The human closely misses you. The human hits you but does no damage.
The human closely misses you.
There is an open door to the Ecumenical Temple here.
The human closely misses you.
Press: ? - help, v - describe, . - travel
Here: a human (unusually strong)
The floor.
The human hits you!
You die...
Kikubaaqudgha rasps: "You have failed me!
Welcome... death!"

▓..#..#....♣♣♣ ♣♣.#___#__[#__#
▓#'####....♣.♣ ♣..#)..#..)#._#
▓.....#....≈♣ ♣..###'#'###'##
▓.....#...≈≈♣♣♣♣♣.#.......[..#
▓.....#..≈≈≈≈♣..♣.'.⌠........#
▓####'#..≈≈≈≈≈≈♣..#...######+#
▓(....#.≈≈≈≈≈≈..p.#.⌠.#
▓..[..#.≈≈≈≈≈..p..#...#
▓Z....#.≈≈≈...@...#'###
▓'#####...........#.))#
▓.................#___#
▓▓▓▓▓▓▓▓▓▓▓▓▓▓▓▓▓▓▓▓▓▓▓


You could see 2 humans.

Vanquished Creatures
  A deep elf priest (D)
  A necrophage (D)
  A water elemental (D)
  A necromancer (D)
  Jessica (D)
  A wolf (D)
  A wizard (D)
  A kobold demonologist (D)
  A human (D)
  An ooze (D)
  2 rats (D)
12 creatures vanquished.

Vanquished Creatures (others)
  A draconian scorcher (D)
  A yaktaur (D)
2 creatures vanquished.

Grand Total: 14 creatures vanquished

Notes
Turn   | Place    | Note
--------------------------------------------------------------
     0 | D        | Kidiri the Deep Elf Necromancer began the quest for the Orb.
     0 | D        | Reached XP level 1. HP: 10/10 MP: 6/6
     3 | D        | Reached skill level 5 in Necromancy
    30 | D        | Killed a yaktaur
    43 | D        | Learned a level 1 spell: Animate Skeleton
   185 | D        | Noticed Jessica
   195 | D        | Killed Jessica
   195 | D        | Reached skill level 5 in Spellcasting
   195 | D        | Reached skill level 6 in Necromancy
   195 | D        | Reached XP level 2. HP: 15/15 MP: 2/10
   195 | D        | Reached XP level 3. HP: 19/19 MP: 2/12
   235 | D        | Learned a level 3 spell: Vampiric Draining
   239 | D        | Learned a level 3 spell: Regeneration
   285 | D        | Noticed a wolf
   291 | D        | Killed a wolf
   291 | D        | Reached skill level 7 in Necromancy
   315 | D        | Reached XP level 4. HP: 13/24 MP: 4/14
   328 | D        | Learned a level 4 spell: Animate Dead
   333 | D        | Learned a level 4 spell: Control Undead
   451 | D        | Noticed a water elemental
   458 | D        | Killed a water elemental
   458 | D        | Reached skill level 5 in Dodging
   458 | D        | Reached skill level 5 in Stealth
   458 | D        | Reached skill level 8 in Spellcasting
   499 | D        | Killed a white draconian scorcher
   513 | D        | Found a basalt altar of Yredelemnul.
   513 | D        | Found a snail-covered altar of Cheibriados.
   513 | D        | Found a blossoming altar of Fedhas.
   513 | D        | Noticed a necrophage
   513 | D        | Noticed a necromancer
   519 | D        | Killed a necromancer
   519 | D        | Reached XP level 5. HP: 18/28 MP: 9/18
   541 | D        | Killed a necrophage
   541 | D        | Reached skill level 9 in Spellcasting
   754 | D        | Found a radiant altar of Vehumet.
   754 | D        | Found a deep blue altar of Sif Muna.
   754 | D        | Found an ancient bone altar of Kikubaaqudgha.
   754 | D        | Noticed a wizard
   756 | D        | Killed a wizard
   756 | D        | Reached XP level 6. HP: 32/32 MP: 20/20
   758 | D        | Reached skill level 10 in Spellcasting
   758 | D        | Reached skill level 10 in Necromancy
   766 | D        | Learned a level 2 spell: Corpse Rot
   769 | D        | Learned a level 2 spell: Sublimation of Blood
   775 | D        | Learned a level 5 spell: Agony
   843 | D        | Became a worshipper of Kikubaaqudgha
   856 | D        | Found a glowing silver altar of Zin.
   856 | D        | Found a glowing golden altar of the Shining One.
   856 | D        | Found a white marble altar of Elyvilon.
   856 | D        | Noticed a deep elf priest
   861 | D        | Killed a deep elf priest
   861 | D        | Reached skill level 11 in Spellcasting
   861 | D        | Reached XP level 7. HP: 36/36 MP: 21/23
   872 | D        | Found an iron altar of Okawaru.
   872 | D        | Found a bloodstained altar of Trog.
   872 | D        | Noticed a human
   873 | D        | Noticed a human
   891 | D        | Mangled by a human

Vault maps used:
D:        dungeon_sprint_mu

Action                   |  1- 3 |  4- 6 |  7- 9 || total
-------------------------+-------+-------+-------++-------
Melee: Dagger            |     6 |    30 |       ||    36
 Cast: Pain              |    14 |     2 |       ||    16
       Animate Skeleton  |     2 |     1 |       ||     3
       Vampiric Draining |     1 |     3 |     6 ||    10
       Animate Dead      |       |     1 |       ||     1
  Use: Potion            |     1 |     4 |     1 ||     6
 Stab: Sleeping          |       |     3 |       ||     3
